 Dungeon Crawl Stone Soup version 0.30-a0-948-g4fa250aae5 (webtiles) character file.

Game seed: 16731821152566960477

1366 cheesebisquit the Grappler (level 8, -14/70 HPs)
             Began as a Ghoul Monk on Mar 26, 2023.
             Was a Priest of Makhleb.
             Demolished by a two-headed ogre
             ... wielding a +0 giant club
              (24 damage)
             ... on level 6 of the Dungeon.
             The game lasted 00:25:07 (5907 turns).

cheesebisquit the Grappler (Ghoul Monk)             Turns: 5907, Time: 00:25:08

Health: -14/70     AC:  9    Str: 17    XL:     8   Next: 65%
Magic:  10/10      EV: 17    Int:  5    God:    Makhleb [***...]
Gold:   93         SH:  5    Dex: 11    Spells: 7/7 levels left

rFire   . . .      SeeInvis .      - Unarmed
rCold   + . .      Faith    .    (no shield)
rNeg    + + +      Spirit   .    a - +1 robe
rPois   ∞          Reflect  +    E - +2 helmet
rElec   .          Rampage  .    C - +2 cloak {rPois}
rCorr   .                        (no gloves)
Will    .....                    (no boots)
Stlth   +++                      F - amulet of reflection
HPRegen 0.00/turn                d - +5 ring of evasion
MPRegen 0.12/turn                h - ring of flight

@: flying, inhibited regen
A: claws 1, cold resistance 1, negative energy resistance 3, inhibited
regeneration, torment resistance 2, devour on kill
a: Renounce Religion, Minor Destruction, Lesser Servant of Makhleb


You were on level 6 of the Dungeon.
You worshipped Makhleb.
Makhleb was most pleased with you.
You visited 2 branches of the dungeon, and saw 7 of its levels.

You collected 341 gold pieces.
You spent 248 gold pieces at shops.

Inventory:

Missiles
 i - 2 boomerangs
 l - 7 poisoned darts
 r - 5 javelins
Armour
 a - a +1 robe (worn)
 C - a +2 cloak of poison resistance (worn)
 E - a +2 helmet (worn)
Jewellery
 d - a +5 ring of evasion (left claw)
 h - a ring of flight (right claw)
 k - a ring of magical power
 o - a ring of protection from cold
 u - an amulet of magic regeneration
 F - an amulet of reflection (around neck)
Wands
 G - a wand of light (7)
Scrolls
 f - a scroll of noise {unknown}
 g - 3 scrolls of amnesia
 j - a scroll of enchant weapon {unknown}
 m - 2 scrolls of butterflies
 n - a scroll of fog {unknown}
 s - a scroll of torment {unknown}
 t - a scroll of blinking {unknown}
 w - 2 scrolls of teleportation
 y - a scroll of magic mapping
 B - a scroll of vulnerability
 D - a scroll of fear
Potions
 b - 2 potions of ambrosia
 c - a potion of magic
 e - a potion of brilliance
 q - 2 potions of curing
 x - a potion of flight
 z - a potion of lignification
 A - a potion of berserk rage


   Skills:
 + Level 6.2 Fighting
 - Level 2.6 Dodging
 + Level 5.5 Stealth
 * Level 8.2 Unarmed Combat
 + Level 4.3 Invocations


You had 7 spell levels left.
You didn't know any spells.
Your spell library contained the following spells:

 Spells                   Type           Power      Damage    Failure   Level
 Necrotise                Necr           0%         1d4       47%         1
 Blink                    Tloc           0%         N/A       63%         2
 Lesser Beckoning         Tloc           0%         N/A       63%         2
 Momentum Strike          Conj/Tloc      0%         3d8       63%         2
 Vampiric Draining        Necr           0%         2d6       85%         3
 Agony                    Necr           0%         N/A       100%        5


Dungeon Overview and Level Annotations

Branches:
Dungeon (6/15)             Temple (1/1) D:4

Altars:
Cheibriados
Dithmenos
Fedhas
Kikubaaqudgha
Makhleb
Nemelex Xobeh
Okawaru
Qazlal
Ru
Sif Muna
Trog
Uskayaw
Vehumet
Xom

Shops:
D:4 ?   D:5 ([!*


Innate Abilities, Weirdness & Mutations

You are immune to poison.
You have sharp fingernails.
Your flesh is cold resistant. (rC+)
You are immune to negative energy. (rN+++)
You do not regenerate when monsters are visible.
You are immune to unholy pain and torment.
You thrive by killing the living.


Message History

The two-headed ogre is moderately wounded.
You claw the two-headed ogre!
The two-headed ogre is heavily wounded.
The two-headed ogre closely misses you. x2
You scratch the two-headed ogre but do no damage.
The two-headed ogre is heavily wounded.
You scratch the two-headed ogre but do no damage.
The two-headed ogre is heavily wounded.
The two-headed ogre hits you with a +0 giant club!
The two-headed ogre misses you.
You scratch the two-headed ogre.
The two-headed ogre is heavily wounded.
You scratch the two-headed ogre.
The two-headed ogre is heavily wounded.
The shadow imp grinds its teeth.
The two-headed ogre barely misses you. You block the two-headed ogre's attack.
You barely miss the two-headed ogre.
The two-headed ogre is heavily wounded.
You feel much better. The two-headed ogre misses you.
The two-headed ogre closely misses you.
You completely miss the two-headed ogre.
The two-headed ogre is heavily wounded.
The two-headed ogre misses you. The two-headed ogre barely misses you.
You barely miss the two-headed ogre.
The two-headed ogre is heavily wounded.
You scratch the two-headed ogre.
The two-headed ogre is heavily wounded.
The two-headed ogre closely misses you. The two-headed ogre misses you.
You closely miss the two-headed ogre.
The two-headed ogre is heavily wounded.
The two-headed ogre hits you with a +0 giant club!!
The two-headed ogre misses you.
You barely miss the two-headed ogre.
The two-headed ogre is heavily wounded.
You claw the two-headed ogre!
The two-headed ogre is almost dead.
The two-headed ogre hits you with a +0 giant club!
* * * LOW HITPOINT WARNING * * *
The two-headed ogre hits you with a +0 giant spiked club!!
You die...

##### #...# ###########
### #...# #.....<....
.... #...# #..........
..... #...####..........
......#......###........
.....5O@####...#........
......#.....##.#........
......#.....##..........
........................
... .##.......>.........
.. #.....####........ .
#.....####........
#........#........
.......##.........#


You could see a two-headed ogre and a shadow imp.

Vanquished Creatures
  A shadow (D:5)
  A water moccasin (D:5)
  A sky beast (D:5)
  2 centaurs (D:6)
  The ghost of Jeffwins the Caller, an amateur HuWn (D:4)
  A bullfrog (D:6)
  A kobold brigand (D:6)
  A scorpion (D:5)
  2 jellies
  An orc priest (D:5)
  Crazy Yiuf (D:5)
  3 hounds
  2 iguanas (D:6)
  A sleepcap (D:6)
  3 orc wizards
  A gnoll (D:5)
  12 adders
  A white imp (D:6)
  An ufetubus (D:5)
  3 worms (D:2)
  3 dart slugs
  9 orcs
  An endoplasm (D:3)
  A giant cockroach (D:1)
  9 goblins
  7 hobgoblins
  10 kobolds
  5 quokkas
  8 ball pythons
  6 bats
  2 frilled lizards
  11 rats
112 creatures vanquished.

Vanquished Creatures (others)
  A fungus (D:3)
  3 plants (D:5)
4 creatures vanquished.

Grand Total: 116 creatures vanquished

Notes
Turn   | Place    | Note
-------+----------+-------------------------------------------
     0 | D:1      | cheesebisquit the Ghoul Monk began the quest for the Orb.
     0 | D:1      | Reached XP level 1. HP: 19/19 MP: 0/0
    58 | D:1      | Reached XP level 2. HP: 13/26 MP: 1/1
   257 | D:1      | Reached skill level 4 in Unarmed Combat
   307 | D:1      | Found a faded altar of an unknown god.
   345 | D:1      | Reached XP level 3. HP: 33/33 MP: 2/2
  1717 | D:3      | Reached XP level 4. HP: 40/40 MP: 3/3
  2486 | D:4      | Found Foah's Magic Scroll Boutique.
  2496 | D:4      | Bought a scroll of magic mapping for 82 gold pieces
  2496 | D:4      | Bought a scroll of teleportation for 33 gold pieces
  2496 | D:4      | Bought a scroll of vulnerability for 44 gold pieces
  2615 | D:4      | Found a staircase to the Ecumenical Temple.
  2626 | Temple   | Entered the Ecumenical Temple
  2792 | Temple   | Became a worshipper of Makhleb the Destroyer
  2792 | Temple   | Reached * piety under Makhleb
  2792 | Temple   | Reached ** piety under Makhleb
  2971 | D:4      | Bought a scroll of fear for 44 gold pieces
  3054 | D:4      | Reached skill level 5 in Unarmed Combat
  3110 | D:4      | Reached XP level 5. HP: 34/47 MP: 4/4
  3251 | D:4      | Reached skill level 1 in Invocations
  3344 | D:4      | Found a runed translucent door.
  3347 | D:4      | Noticed Jeffwins's ghost (amateur HuWn)
  3575 | D:4      | Found a shadowy altar of Dithmenos.
  3801 | D:4      | Killed Jeffwins's ghost
  3802 | D:4      | Reached XP level 6. HP: 35/53 MP: 6/6
  3901 | D:5      | Entered Level 5 of the Dungeon
  3901 | D:5      | Noticed a shadow
  3901 | D:5      | Found a hide-covered altar of Uskayaw.
  4054 | D:5      | Found Caob's Assorted Antiques.
  4066 | D:5      | Noticed a sky beast
  4085 | D:5      | Killed a sky beast
  4086 | D:5      | Reached skill level 6 in Unarmed Combat
  4253 | D:5      | Killed a shadow
  4254 | D:5      | Reached skill level 5 in Fighting
  4254 | D:5      | Reached XP level 7. HP: 49/61 MP: 7/7
  4402 | D:5      | Found Duoqulidgh's Distillery.
  4487 | D:5      | Found a bloodstained altar of Trog.
  4499 | D:5      | Bought a potion of curing for 45 gold pieces
  4509 | D:5      | Found a snail-covered altar of Cheibriados.
  4728 | D:5      | Found a runed translucent door.
  4729 | D:5      | Noticed Crazy Yiuf
  4858 | D:5      | Found Dife's Antique Armour Shoppe.
  4877 | D:5      | Reached skill level 7 in Unarmed Combat
  5062 | D:5      | Reached XP level 8. HP: 67/69 MP: 9/9
  5073 | D:5      | Found Rakleism's Weapon Emporium.
  5304 | D:5      | Killed Crazy Yiuf
  5500 | D:6      | Reached skill level 5 in Stealth
  5650 | D:6      | Found a blossoming altar of Fedhas.
  5811 | D:6      | Reached skill level 8 in Unarmed Combat
  5850 | D:6      | Reached *** piety under Makhleb
  5884 | D:6      | Noticed a two-headed ogre
  5907 | D:6      | Demolished by a two-headed ogre

Illustrated notes

Levels and vault maps discovered:
D:1:      tarquinn_simple_flora_water_b, layout_rooms,
          ebering_ecumenical_altar_box, nicolae_kite_square_tiling_tiny
D:2:      layout_basic
D:3:      layout_loops_ring, nrook_mini_backslash, hangedman_feature_mirror,
          minmay_shallow_snake_nest
D:4:      layout_basic, zin_academy, mainiacjoe_overflow_brackets,
          minmay_temple_entry_drinking_statues, serial_shops,
          nicolae_shop_statue_plus, ebering_ghost_sewer_d, dk_noncrumbling_2
D:5:      layout_loops_ring, nicolae_uskayaw_suspiria,
          nicolae_overflow_hidden_temple, serial_shops, shop, shop,
          nicolae_diamond_shop, nicolae_shop_overgrown_old_shop,
          kennysheep_generic_room_9, uniq_crazy_yiuf_cottage
D:6:      layout_rooms, lemuel_tele_altar, fedhas_bush_and_centaur_altar,
          overflow_temple_1_default
Temple:   nicolae_temple_bog_church

Skill      XL: |  1  2  3  4  5  6  7  8 |
---------------+-------------------------+-----
Unarmed Combat | 4 5 6 7 8 |  8.2
Fighting       | 4 5 6 |  6.2
Stealth        | 3 4 5 |  5.5
Invocations    | 1 2 3 4 |  4.3
Dodging        | |  2.6

Action                     |  1- 3 |  4- 6 |  7- 9 || total
---------------------------+-------+-------+-------++-------
  Melee: Unarmed           |   111 |   125 |   143 ||   379
         Punch             |     3 |     9 |     5 ||    17
  Throw: Dart              |     9 |       |       ||     9
         Javelin           |     2 |       |       ||     2
  Evoke: Wand              |       |    14 |       ||    14
    Use: Scroll            |       |    11 |     3 ||    14
         Potion            |       |     2 |     2 ||     4
   Stab: Sleeping          |     4 |     4 |     5 ||    13
 Armour: Robe              |    17 |     9 |    16 ||    42
  Dodge: Dodged            |    90 |    82 |    93 ||   265
  Block: Other             |       |     1 |    25 ||    26
         Reflection        |       |       |     5 ||     5

Table legend: (Time is in decaauts)
 A = Elapsed time spent in this place.
 B = Non-inter-level travel time spent in this place.
 C = Inter-level travel time spent in this place.
 D = Time resting spent in this place.
 E = Time spent auto-exploring this place.
 F = Levels seen in this place.
 G = Mean time per level.
                   A        B        C        D        E       F      G
               +--------+--------+--------+--------+--------+-----+--------+
         Total |   5830 |   5255 |    575 |    282 |   3935 |   7 |  832.9 |
       Dungeon |   5655 |   5097 |    558 |    282 |   3797 |   6 |  942.5 |
        Temple |    174 |    157 |     17 |      0 |    138 |   1 |  174.0 |
               +--------+--------+--------+--------+--------+-----+--------+

Top non-repeatable levels by time:
     D:5: 1413 daAuts
     D:4: 1307 daAuts
     D:2: 893 daAuts
     D:1: 803 daAuts
     D:3: 802 daAuts
     D:6: 433 daAuts
  Temple: 174 daAuts
